 Dungeon Crawl Stone Soup version 0.26.0-18-gc5c842f807 (webtiles) character file.

Game seed: 3486671289793652751

910 iamoutofideas the Chiller (level 7, 10/46 HPs)
             Began as a Demonspawn Ice Elementalist on Jan 22, 2021.
             Quit the game on level 3 of the Dungeon.
             The game lasted 00:06:21 (3828 turns).

iamoutofideas the Chiller (DsIE)                    Turns: 3828, Time: 00:06:21

Health: 10/46      AC:  6    Str:  9    XL:     7   Next: 81%
Magic:  6/16       EV: 13    Int: 18    God:
Gold:   165        SH:  0    Dex: 13    Spells: 7/18 levels left

rFire    . . .     SeeInvis .   h - +3 dagger
rCold    + . .     Faith    .   (no shield)
rNeg     . . .     Spirit   +   a - +0 robe
rPois    +         Reflect  .   i - +1 hat
rElec    .         Harm     .   (no cloak)
rCorr    .         Rampage  .   (no gloves)
Will     .....                  (no boots)
Stlth    +.........             (no amulet)
HPRegen  0.15/turn              b - ring of protection from cold
MPRegen  0.15/turn              f - ring of poison resistance

@: very slightly contaminated
A: hooves 2, thin metallic scales 2, magic shield
a: no special abilities


You were on level 3 of the Dungeon.
You visited 1 branch of the dungeon, and saw 4 of its levels.

You collected 165 gold pieces.

Inventory:

Hand Weapons
 h - a +3 dagger (weapon)
Armour
 a - a +0 robe (worn)
 c - a +0 helmet
 i - a +1 hat (worn)
Jewellery
 b - a ring of protection from cold (left hand)
 f - a ring of poison resistance (right hand)
Scrolls
 d - a scroll of remove curse
 e - a scroll of magic mapping
 l - a scroll of enchant armour {unknown}
 m - 3 scrolls of identify
 n - a scroll of fog
 p - a scroll of enchant weapon {unknown}
Potions
 g - a potion of attraction {unknown}
 j - a potion of heal wounds
 k - a potion of brilliance {unknown}
 o - a potion of cancellation {unknown}


   Skills:
 + Level 2.4 Dodging
 - Level 1.7 Stealth
 + Level 6.1 Spellcasting
 + Level 0.1 Conjurations
 + Level 6.6 Ice Magic


You had 7 spell levels left.
You knew the following spells:

 Your Spells              Type           Power        Failure   Level
a - Freeze                Ice            100%         1%          1
b - Frozen Ramparts       Ice            58%          2%          3
c - Ozocubu's Armour      Ice            29%          2%          3
d - Hailstorm             Conj/Ice       17%          30%         4

Your spell library contained the following spells:

 Spells                   Type           Power        Failure   Level
 Summon Ice Beast         Ice/Summ       17%          30%         4


Dungeon Overview and Level Annotations

Branches:
Dungeon (4/15)
 Temple: D:4-7

Altars:
Ashenzari
Gozag
Okawaru
Uskayaw
Yredelemnul
Zin


Innate Abilities, Weirdness & Mutations

You have hoof-like feet.
You are mostly covered in thin metallic scales. (AC +3)
When hurt, damage is shared between your health and your magic reserves.


Message History

Aiming: Freeze (safe; 1% risk of failure)
Press: ? - help, Shift-Dir - straight line, f/p - Pikel
Aim: Pikel, wielding a +1 whip of flaming and wearing a +0 robe (severely wounded)
You freeze Pikel!
Pikel is almost dead.
The wall freezes the lemure.
The lemure hits you!
* * * LOW HITPOINT WARNING * * *
The wall freezes Pikel.
You kill Pikel!
With Pikel's spell broken, his former minions thank you for their freedom.
The lemure departs this earthly plane. x2
Your Spellcasting skill gained 2 levels and is now at level 6!
Your Ice Magic skill increases to level 6!
You have reached level 7!
Your demonic ancestry asserts itself...
You feel your magical essence form a protective shroud around your flesh.
The frozen ramparts melt away as you move.
Things that are here:
a +1 whip of flaming; a +0 robe Are you sure you want to abandon this character and quit the game? (Confirm with "yes".)

#....K.5.# #.####.###
#.######.########.####.# # #.#
#...............# # #.#
##....>..........### #5#
#.................## #.#
#.......###.####..## #K#
#.......########....
###.#####§#§#.#.#^'...##...#
#.5....(.§.@)...###...#....#
#.#<#####§§##...#.'†..#....#
#.#.# #§§########)#####... #.#.#
#..# #..P.P..##.## #.#.# ##..#
#.......##.## ######.#.## #...#
#............
..........###.#.#####.########.##
######.#....................##.#
##.#.###..######.#####.##.#


There were no monsters in sight!

Vanquished Creatures
  Pikel (D:3)
  Sigmund (D:2)
  A lemure (D:2)
  2 hounds (D:3)
  Natasha (thrice) (D:3)
  Robin (D:2)
  A gnoll (D:3)
  9 adders
  A worm (D:2)
  A leopard gecko (D:2)
  8 orcs (D:3)
  4 bats
  2 giant cockroaches
  10 goblins
  16 hobgoblins
  4 jackals (D:3)
  3 ball pythons
  8 kobolds
  7 rats
83 creatures vanquished.

Vanquished Creatures (others)
  2 plants (D:2)
2 creatures vanquished.

Grand Total: 85 creatures vanquished

Notes
Turn   | Place    | Note
-------+----------+-------------------------------------------
     0 | D:1      | iamoutofideas the Demonspawn Ice Elementalist began the
                  | quest for the Orb.
     0 | D:1      | Reached XP level 1. HP: 13/13 MP: 3/3
   609 | D:1      | Gained mutation: You are partially covered in thin metallic
                  | scales. (AC +2) [demonic ancestry]
   609 | D:1      | Reached XP level 2. HP: 19/19 MP: 3/5
   977 | D:2      | Found a broken altar of Ashenzari.
   980 | D:2      | Noticed Sigmund
   994 | D:2      | Killed Sigmund
   995 | D:2      | Reached XP level 3. HP: 19/24 MP: 6/8
   995 | D:2      | Gained mutation: You have large cloven feet. [demonic
                  | ancestry]
   995 | D:2      | Reached XP level 4. HP: 24/30 MP: 6/9
   995 | D:2      | Gained mutation: You are mostly covered in thin metallic
                  | scales. (AC +3) [demonic ancestry]
   995 | D:2      | Reached XP level 5. HP: 28/35 MP: 6/10
  1021 | D:2      | Learned a level 3 spell: Frozen Ramparts
  1025 | D:2      | Learned a level 3 spell: Ozocubu's Armour
  1027 | D:2      | Reached skill level 5 in Ice Magic
  1032 | D:2      | Learned a level 4 spell: Hailstorm
  1242 | D:2      | Found a glowing silver altar of Zin.
  1242 | D:2      | Found an opulent altar of Gozag.
  1809 | D:2      | Noticed Robin
  1817 | D:2      | Killed Robin
  2398 | D:3      | Found a hide-covered altar of Uskayaw.
  2400 | D:3      | Noticed Natasha
  2409 | D:3      | Killed Natasha
  2410 | D:3      | Gained mutation: You have hoof-like feet. [demonic
                  | ancestry]
  2410 | D:3      | Reached XP level 6. HP: 23/41 MP: 4/12
  2668 | D:3      | Noticed Natasha
  2676 | D:3      | Killed Natasha
  2955 | D:3      | Found a basalt altar of Yredelemnul.
  3267 | D:3      | Noticed Natasha
  3278 | D:3      | Killed Natasha
  3530 | D:3      | Found an iron altar of Okawaru.
  3622 | D:4      | Noticed Pikel
  3826 | D:3      | Killed Pikel
  3827 | D:3      | Gained mutation: When hurt, damage is shared between your
                  | health and your magic reserves. [demonic ancestry]
  3827 | D:3      | Reached XP level 7. HP: 10/46 MP: 6/16
  3828 | D:3      | Quit the game

Illustrated notes

Levels and vault maps discovered:
D:1:      dpeg_arrival_houses_and_road, layout_loops_ring
D:2:      layout_loops_corners, grunt_temple_overflow_gold_and_silver,
          nicolae_ashenzari_panopticon, serial_bayou, serial_bayou_pond_d,
          serial_bayou_ford_a, serial_bayou_lagoon_a, serial_bayou_pond_c,
          serial_bayou_pond_d, uniq_sigmund, uniq_robin
D:3:      layout_loops_ring, lemuel_round_altar, okawaru_altar_gauntlet_db,
          yredelemnul_altar_generic, cheibrodos_gnoll_hut, uniq_natasha
D:4:      layout_cave_pools, minmay_temple_entry_ruins,
          nicolae_ossuary_entry_giza, uniq_pikel

Skill      XL: |  1  2  3  4  5  6 |
---------------+-------------------+-----
Spellcasting   | 3 4 6 |  6.1
Ice Magic      | 4 5 6 |  6.6
Dodging        | 2 |  2.4
Stealth        | |  1.7
Conjurations   | |  0.1

Action                   |  1- 3 |  4- 6 |  7- 9 || total
-------------------------+-------+-------+-------++-------
Melee: Unarmed           |     4 |       |       ||     4
       Dagger            |    10 |    49 |       ||    59
       Kick              |       |     6 |       ||     6
 Cast: Freeze            |    14 |    80 |       ||    94
       Frozen Ramparts   |       |     7 |       ||     7
  Use: Scroll            |     3 |     3 |       ||     6
       Potion            |     3 |     1 |       ||     4
 Stab: Sleeping          |     3 |     2 |       ||     5
Armor: Robe              |     5 |    37 |       ||    42
Dodge: Dodged            |    13 |    79 |       ||    92
